Map: Frost LE

Players

DuncanIdaho - Winner!

  • Race: Terran Terran
  • League: Platinum

blackxored

  • Race: Zerg Zerg
  • League: Platinum

VOD

Have the link to the VOD?

Description

Time

  • Played on: June 26, 2016, 7:48 p.m.
  • Length: 11:31
Show
View Real Time Build Order
Export as new Build Order

DuncanIdaho Terran - Winner!

Build Orders: 1/1/1 

Get SALT Encoding   

  12  0:01  SCV  
  13  0:13  SCV  
  14  0:18  Supply Depot  
  14  0:25  Refinery  
  14  0:29  SCV  
  15  0:43  Barracks  
  15  0:47  SCV  
  16  0:59  SCV  
  16  1:01  Supply Depot  
  17  1:11  SCV  
  18  1:23  SCV  
  19  1:33  Factory  
  19  1:37  Orbital Command  
  19  1:44  Refinery  
  19  1:48  Marine  
  20  1:58  Engineering Bay  
  20  2:04  SCV  
  20  2:08  Marine  
  22  2:17  SCV  
  22  2:22  Starport  
  23  2:24  Factory Tech Lab  
  23  2:29  SCV  
  24  2:31  Marine  
  25  2:41  SCV  
  25  2:43  Siege Tank  
  29  2:54  Barracks  
  29  2:57  SCV  
  30  3:00  Starport Reactor  
  30  3:06  Supply Depot  
  30  3:10  Marine  
  31  3:14  Terran Infantry Weapons Level 1  
  31  3:35  Marine  
  31  3:37  Medivac  
  34  3:43  Supply Depot, Marine  
  35  3:55  Command Center  
  35  4:00  Marine  
  35  4:01  Marine  
  37  4:10  Medivac x2  
  41  4:20  Barracks  
  41  4:22  Marine  
  42  4:25  Marine  
  43  4:40  Marine  
  43  4:43  Marine  
  45  4:58  Marine  
  46  5:01  Marine  
  46  5:07  Medivac x2, Siege Tank  
  54  5:09  Supply Depot, Refinery  
  54  5:12  Barracks Reactor  
  54  5:13  SCV  
  55  5:15  Marine  
  55  5:19  Marine  
  57  5:25  SCV  
  51  5:44  Marine  
  51  5:45  Marine  
  51  5:47  Siege Tank  
  50  5:51  SCV  
  50  5:53  Marine x2  
  53  6:02  Marine x2  
  53  6:07  Medivac  
  53  6:11  Marine x2, SCV  
  57  6:16  Supply Depot  
  58  6:20  Marine x2  
  58  6:25  SCV  
  61  6:28  Marine  
  61  6:29  Marine  
  61  6:30  Terran Infantry Armor Level 1  
  63  6:38  Marine x2  
  65  6:47  Siege Tank  
  65  6:49  Marine x2  
  65  6:51  Medivac  
  72  6:56  Marine x2, Medivac  
  76  7:01  SCV  
  71  7:13  SCV  
  71  7:19  Marine  
  71  7:20  Marine x3  
  71  7:21  Medivac  
  77  7:42  SCV  
  78  7:52  Marine x3  
  78  7:53  Marine  
  78  7:54  SCV  
  68  8:01  Siege Tank  
  71  8:06  SCV  
  71  8:09  Supply Depot, Marine x3  
  71  8:10  Marine  
  76  8:16  Medivac  
  78  8:30  Marine x4  
  78  8:31  SCV  
  78  8:33  Siege Tank  
  86  8:35  Supply Depot  
  86  8:49  Marine x4  
  73  9:05  Siege Tank  
  73  9:07  Marine x4  
  73  9:09  Armory  
  80  9:10  SCV  
  81  9:22  SCV  
  81  9:25  Marine x4  
  74  9:40  Siege Tank  
  74  9:42  Marine x2  
  74  9:43  Marine x2  
  74  9:44  SCV  
  79  10:00  Marine x4  
  83  10:13  Siege Tank  
  86  10:18  Marine x4  
  90  10:28  SCV  
  91  10:36  Marine x3  
Show
View Real Time Build Order
Export as new Build Order

blackxored Zerg 

Build Orders: Hatch First 

Get SALT Encoding   

  12  0:02  Drone  
  13  0:09  Drone  
  14  0:19  Overlord  
  14  0:24  Extractor  
  14  0:25  Drone  
  15  0:40  Drone  
  15  0:41  Drone  
  17  0:54  Hatchery  
  16  0:57  Drone  
  16  1:00  Drone  
  18  1:12  Extractor  
  18  1:15  Spawning Pool  
  18  1:18  Drone  
  17  1:21  Drone  
  18  1:28  Drone  
  19  1:42  Overlord  
  19  1:50  Drone  
  20  2:02  Queen  
  20  2:03  Zergling x2  
  20  2:06  Zergling x2, Queen  
  26  2:11  Zergling x2  
  26  2:13  Metabolic Boost  
  27  2:31  Drone x3  
  30  2:39  Drone x2  
  32  2:54  Pneumatized Carapace, Hatchery  
  32  2:58  Queen  
  31  3:04  Overlord  
  33  3:20  Overlord  
  33  3:32  Drone x3  
  33  3:33  Drone x6  
  42  3:36  Overlord  
  42  3:46  Queen  
  42  3:56  Drone x2  
  44  4:03  Zergling x6  
  47  4:14  Roach Warren, Drone  
  47  4:18  Queen  
  49  4:35  Zergling x16  
  57  4:38  Overlord  
  57  4:45  Baneling Nest, Drone  
  57  4:48  Lair  
  57  4:56  Queen  
  59  5:03  Roach x3  
  59  5:05  Overlord  
  65  5:15  Hatchery  
  64  5:23  Zergling x18  
  66  5:37  Zergling x12  
  64  5:53  Drone x7  
  71  6:04  Evolution Chamber  
  71  6:05  Evolution Chamber  
  71  6:06  Drone x3  
  71  6:07  Extractor  
  71  6:27  Drone x2  
  71  6:28  Drone  
  71  6:31  Drone  
  71  6:32  Spire  
  74  6:33  Zerg Melee Weapons Level 1  
  74  6:37  Extractor, Drone x2  
  74  6:38  Extractor  
  74  6:39  Drone x6  
  80  6:45  Overlord x3  
  80  6:58  Zerg Ground Armor Level 1  
  80  7:07  Zergling x26  
  71  7:15  Zergling x2  
  71  7:19  Queen  
  71  7:20  Zergling x6  
  73  7:27  Zergling x2  
  73  7:37  Drone x5  
  73  7:48  Zergling x6  
  62  7:54  Zergling x2  
  62  7:55  Zergling x8  
  63  8:01  Drone  
  63  8:02  Drone x4  
  68  8:15  Baneling x18  
  68  8:17  Drone  
  68  8:19  Drone  
  70  8:25  Hatchery  
  59  8:38  Zergling x2  
  59  8:39  Zergling x16  
  63  8:43  Drone x2  
  63  8:44  Drone  
  65  8:52  Zergling x2  
  65  8:53  Zergling x4  
  62  9:01  Zerg Melee Weapons Level 2  
  62  9:14  Zergling x12  
  68  9:19  Mutalisk  
  70  9:25  Zergling x2  
  70  9:30  Zergling x2  
  57  9:36  Zergling x8  
  57  9:42  Mutalisk  
  58  9:46  Mutalisk x2  
  58  9:49  Queen  
  64  10:10  Hatchery  
  63  10:20  Zergling x10  
  41  10:32  Zergling x6  
  30  10:49  Baneling x6  
  28  11:01  Roach x2  
  32  11:07  Roach  
Tags
 
Add a new tag
Caveats
  • Supply blocks, unpowered buildings, or Contaminate may cause inaccurate times.
  • Supply counts are checked every 10 seconds.